Map: Lightshade LE

Players

PartinG - Winner!

  • Race: Protoss Protoss
  • Spawn Location: 11:00

INnoVation

  • Race: Terran Terran
  • Spawn Location: 5:00

Event: IEM Katowice 2021

VOD

Have the link to the VOD?

Description

Time

  • Played on: Feb. 26, 2021, 11:43 a.m.
  • Length: 6:57

All games in this series

Show
View Real Time Build Order
Export as new Build Order

PartinG Protoss - Winner!

Build Orders: 1 Gate Expand 

Get SALT Encoding   

  12  0:00  Probe  
  13  0:12  Probe  
  14  0:17  Pylon  
  14  0:24  Probe  
  15  0:35  Gateway  
  15  0:36  Probe  
  16  0:48  Probe  
  18  1:07  Nexus  
  17  1:12  Assimilator  
  17  1:14  Probe  
  18  1:24  Cybernetics Core  
  18  1:27  Probe  
  19  1:34  Pylon  
  19  1:39  Probe  
  20  1:51  Probe, Warp Gate (Chrono Boost)  
  20  1:52  Gateway  
  21  2:00  Adept (Chrono Boost)  
  21  2:05  Probe  
  24  2:17  Gateway  
  24  2:19  Probe  
  24  2:21  Probe  
  26  2:28  Stalker  
  28  2:31  Probe  
  28  2:34  Probe  
  30  2:39  Adept  
  30  2:43  Probe  
  33  2:46  Probe  
  33  2:50  Pylon  
  34  2:55  Probe  
  34  2:57  Assimilator  
  34  2:58  Probe  
  36  3:07  Probe  
  36  3:10  Probe  
  38  3:18  Adept x3  
  44  3:23  Probe x2  
  44  3:25  Pylon  
  46  3:39  Stalker x2  
  46  3:40  Stalker  
  52  3:41  Probe x2  
  54  3:51  Assimilator  
  51  3:56  Probe x2  
  49  4:03  Stalker x2  
  49  4:04  Adept  
  49  4:08  Probe (Chrono Boost)  
  54  4:13  Assimilator  
  54  4:16  Probe (Chrono Boost)  
  55  4:20  Probe (Chrono Boost)  
  56  4:26  Probe (Chrono Boost)  
  56  4:27  Probe (Chrono Boost)  
  56  4:28  Adept x2  
  58  4:32  Adept  
  58  4:38  Probe x2  
  52  4:50  Stalker x2, Probe x2  
  56  5:00  Twilight Council  
  56  5:01  Stalker  
  54  5:07  Probe  
  54  5:08  Pylon  
  54  5:09  Probe  
  52  5:19  Probe  
  52  5:21  Probe  
  52  5:22  Robotics Facility  
  52  5:26  Pylon, Sentry x2, Stalker  
  52  5:28  Shield Battery  
  58  5:38  Pylon  
  58  5:46  Nexus  
  58  5:49  Probe x2  
  60  5:52  Stalker  
  60  5:56  Stalker  
  64  6:01  Stalker  
  66  6:12  Probe x2  
  66  6:15  Robotics Bay, Observer  
  69  6:22  Stalker  
  69  6:30  Stalker x2  
  73  6:34  Gateway  
  73  6:36  Gateway, Probe x2  
  73  6:39  Gateway  
  74  6:49  Stalker  
Show
View Real Time Build Order
Export as new Build Order

INnoVation Terran 

Build Orders: Reaper Expand 

Get SALT Encoding   

  12  0:00  SCV  
  13  0:12  SCV  
  14  0:16  Supply Depot  
  14  0:24  SCV  
  15  0:38  SCV  
  15  0:39  Barracks  
  16  0:43  Refinery  
  16  0:50  SCV  
  16  0:54  Supply Depot  
  17  1:02  SCV  
  18  1:14  SCV  
  19  1:25  Reaper  
  19  1:26  Orbital Command  
  20  1:47  Command Center  
  20  1:52  SCV  
  21  1:57  Marine  
  22  2:04  SCV  
  23  2:16  SCV  
  23  2:21  Barracks Reactor  
  24  2:26  Command Center  
  24  2:28  SCV  
  25  2:38  Barracks  
  25  2:40  SCV  
  26  2:50  Engineering Bay  
  26  2:58  Marine  
  28  2:59  Orbital Command  
  28  3:01  Marine  
  28  3:06  Bunker  
  28  3:08  SCV  
  29  3:16  Marine  
  29  3:19  Marine, Terran Infantry Weapons Level 1  
  31  3:22  SCV  
  31  3:25  Barracks Tech Lab  
  32  3:30  Barracks  
  32  3:34  Marine  
  33  3:37  Marine  
  33  3:41  Orbital Command  
  34  3:45  Stimpack  
  34  3:47  Marine  
  35  3:53  Refinery  
  35  3:57  Marine x2  
  36  4:08  Marauder  
  35  4:14  Marine  
  35  4:15  Marine  
  26  4:31  Bunker  
  26  4:32  Marauder, Marine x3  
  22  4:46  SCV  
  22  4:49  SCV x2, Marine  
  22  4:50  Marine x2  
  23  4:54  Marine  
  20  5:03  SCV x2  
  19  5:11  SCV  
  17  5:18  SCV  
  18  5:23  SCV x2  
  20  5:30  SCV  
  20  5:31  Marine x2  
  20  5:32  Marine  
  20  5:35  SCV  
  25  5:36  SCV, Combat Shield  
  26  5:44  SCV  
  26  5:47  SCV  
  26  5:48  SCV  
  26  5:49  Marine x2  
  31  5:51  Marauder  
  31  5:54  Orbital Command  
  31  5:56  SCV  
  34  6:00  SCV  
  35  6:07  Marine x2  
  35  6:08  SCV  
  38  6:12  Factory, Marine  
  38  6:16  SCV  
  37  6:25  Marine x2  
  35  6:30  SCV  
  31  6:33  Marauder  
  33  6:42  SCV x2  

Tags
 
Add a new tag
Caveats
  • Supply blocks, unpowered buildings, or Contaminate may cause inaccurate times.
  • Supply counts are checked every 10 seconds.